 Dungeon Sprint DCSS version 0.30.1-11-g7821555f0a (webtiles) character file.

Game seed: 5371688732479081662

408 boopmooplesden the Poker (level 6, -1/68 HPs)
             Began as a Troll Berserker on Oct 28, 2023.
             Was an Elder of Trog.
             Slain by a gnoll sergeant
             ... wielding a +1 spear of venom
              (9 damage)
             ... in the Dungeon (Sprint IX: "|||||||||||||||||||||||||||||").
             The game lasted 00:01:08 (155 turns).

boopmooplesden the Poker (Troll Berserker)           Turns: 155, Time: 00:01:08

Health: -1/68      AC:  4    Str: 28    XL:     6   Next: 57%
Magic:  5/5        EV: 11    Int:  3    God:    Trog [****..]
Gold:   0          SH:  0    Dex:  9    Spells: 5/5 levels left

rFire   . . .        k - +2 halberd (heavy)
rCold   . . .        (shield currently unavailable)
rNeg    . . .        b - +0 animal skin
rPois   .            (helmet restricted)
rElec   .            (no cloak)
rCorr   .            (gloves unavailable)
SInv    .            (boots unavailable)
Will    .....        (no amulet)
Stlth   +            (no ring)
HPRegen 1.11/turn    (no ring)
MPRegen 0.09/turn

%: no teleportation
@: lethally poisoned (-1 -> -6), on berserk cooldown, slowed, very slow
A: large, unfitting armour, claws 3, regeneration 1, shaggy fur 1, tough skin 1
a: Renounce Religion, Berserk, Trog's Hand, Brothers in Arms


You were in the Dungeon.
You worshipped Trog.
Trog was greatly pleased with you.
You visited 1 branch

Inventory:

Hand Weapons
 a - a +0 spear
 k - a +2 heavy halberd (weapon)
Armour
 b - a +0 animal skin (worn)
Jewellery
 o - a +3 ring of dexterity
 p - a +3 ring of intelligence
Wands
 j - a wand of quicksilver (10)
Scrolls
 h - 2 scrolls of blinking
Potions
 c - 5 potions of curing
 d - 3 potions of heal wounds
 e - a potion of haste
 f - 4 potions of magic
 g - a potion of berserk rage
 i - a potion of invisibility


   Skills:
 + Level 6.7 Fighting
 + Level 7.9 Polearms
 + Level 7.3 Dodging


You had 5 spell levels left.
You didn't know any spells.
Your spell library was empty.

Dungeon Overview and Level Annotations

Branches:
Dungeon (1/1)

Altars:
Cheibriados
Dithmenos
Elyvilon
Fedhas
Gozag
Hepliaklqana
Kikubaaqudgha
Makhleb
Nemelex Xobeh
Okawaru
Qazlal
Ru
Sif Muna
Trog
Uskayaw
Vehumet
Wu Jian
Xom
Yredelemnul
Zin
The Shining One
Jiyva
Lugonu


Innate Abilities, Weirdness & Mutations

You are too large for most types of armour.
You have claws for hands.
Your natural rate of healing is unusually fast.
You are covered in fur. (AC +1)
You have tough skin. (AC +1)


Message History

The kobold brigand closely misses you. The kobold brigand barely misses you.
You impale the kobold brigand!!
You kill the kobold brigand!
Trog accepts your kill.
You feel sick. The two-headed ogre barely misses you.
The two-headed ogre completely misses you.
You impale the two-headed ogre!!
The two-headed ogre is heavily wounded.
You feel sick.
The vampire casts a spell.
The vampire flickers and vanishes!
Deactivating autopickup; reactivate with Ctrl-A.
The gnoll sergeant barely misses you. The two-headed ogre misses you.
The two-headed ogre hits you with a +0 giant club.
You barely miss the two-headed ogre.
The two-headed ogre is heavily wounded.
You feel sick. The gnoll sergeant misses you.
The two-headed ogre closely misses you.
The two-headed ogre hits you with a +0 giant club!
The gnoll sergeant misses you.
You slash the two-headed ogre!
The two-headed ogre is severely wounded.
You are no longer berserk.
You are exhausted.
You feel as though you will be slow longer.
You feel sick.
You are no longer poisoned.
The gnoll sergeant hits you from afar with a +1 spear of venom!
You are poisoned.
The two-headed ogre hits you with a +0 giant club! x2
* * * LOW HITPOINT WARNING * * *
You skewer the two-headed ogre like a kebab!!!
You kill the two-headed ogre!
Trog accepts your kill.
You feel very sick.
The gnoll sergeant hits you from afar with a +1 spear of venom.
* * * LOW HITPOINT WARNING * * *
You are more poisoned.
The gnoll sergeant hits you from afar with a +1 spear of venom!
You die... ▓▓▓▓▓▓▓▓▓▓▓▓▓▓▓▓▓▓▓▓▓▓▓▓ ______'.?).....[@)gy...+ ▓▓▓▓▓▓▓▓▓▓▓▓▓▓▓▓▓▓▓▓▓▓▓▓

You could see a gnoll sergeant and a killer bee.

Vanquished Creatures
  A two-headed ogre (D)
  A wraith (D)
  A black bear (D)
  A kobold brigand (D)
  A hound (D)
  A jelly (D)
  An iguana (D)
  A white imp (D)
  A dart slug (D)
  An endoplasm (D)
  A bat (D)
  A frilled lizard (D)
  A kobold (D)
13 creatures vanquished.

Notes
Turn   | Place    | Note
-------+----------+-------------------------------------------
     0 | D        | boopmooplesden the Troll Berserker began the quest for the
                  | Orb.
     0 | D        | Reached XP level 1. HP: 22/22 MP: 0/0
    18 | D        | Reached ** piety under Trog
    30 | D        | Noticed a black bear
    30 | D        | Noticed a jelly
    30 | D        | Noticed a hound
    30 | D        | Noticed an iguana
    40 | D        | Killed a black bear
    41 | D        | Reached XP level 2. HP: 19/33 MP: 1/1
    41 | D        | Reached XP level 3. HP: 23/40 MP: 2/2
    41 | D        | Reached XP level 4. HP: 28/49 MP: 3/3
    43 | D        | Reached *** piety under Trog
    44 | D        | Reached skill level 5 in Polearms
    44 | D        | Reached skill level 5 in Dodging
    55 | D        | Reached skill level 5 in Fighting
    55 | D        | Reached XP level 5. HP: 31/57 MP: 4/4
    94 | D        | Found a snail-covered altar of Cheibriados.
    94 | D        | Found a shadowy altar of Dithmenos.
    94 | D        | Found a white marble altar of Elyvilon.
    94 | D        | Found a blossoming altar of Fedhas.
    94 | D        | Found an opulent altar of Gozag.
    95 | D        | Found a hazy altar of Hepliaklqana.
    96 | D        | Found a viscous altar of Jiyva.
    97 | D        | Found an ancient bone altar of Kikubaaqudgha.
    98 | D        | Found a corrupted altar of Lugonu.
    99 | D        | Found a burning altar of Makhleb.
   100 | D        | Found a sparkling altar of Nemelex Xobeh.
   101 | D        | Found an iron altar of Okawaru.
   102 | D        | Found a stormy altar of Qazlal.
   103 | D        | Found a sacrificial altar of Ru.
   104 | D        | Found a shimmering blue altar of Sif Muna.
   105 | D        | Found a bloodstained altar of Trog.
   106 | D        | Found a hide-covered altar of Uskayaw.
   107 | D        | Found a radiant altar of Vehumet.
   108 | D        | Found an ornate altar of the Wu Jian Council.
   109 | D        | Found a shimmering altar of Xom.
   110 | D        | Found a basalt altar of Yredelemnul.
   111 | D        | Found a glowing silver altar of Zin.
   112 | D        | Found a glowing golden altar of the Shining One.
   144 | D        | Noticed a wraith
   144 | D        | Noticed a two-headed ogre
   144 | D        | Noticed a vampire
   147 | D        | Killed a wraith
   147 | D        | Reached **** piety under Trog
   148 | D        | Reached XP level 6. HP: 68/68 MP: 5/5
   155 | D        | Killed a two-headed ogre
   155 | D        | Slain by a gnoll sergeant

Illustrated notes

Levels and vault maps discovered:
D:        linesprint [early_d, line_temple, items_1, d_10, items_2, lair_1,
          lair_end, items_3, orc_1, orc_end, items_4, d_15, swamp_1, shoals_1,
          snake_1, spider_1, d_20, vaults_1, items_5, swamp_end, shoals_end,
          snake_end, spider_end, vaults_end, d_27, items_6, zot_1, zot_end,
          crypt_end, forest_end, elf_end, slime_end, tomb_end, abyss_end,
          pan_hell_end]

Skill      XL: |  1  2  3  4  5 |
---------------+----------------+-----
Polearms       | 4 5 7 |  7.9
Fighting       | 4 5 6 |  6.7
Dodging        | 4 5 7 |  7.3

Action                     |  1- 3 |  4- 6 || total
---------------------------+-------+-------++-------
  Melee: Spear             |    29 |    22 ||    51
         Halberd           |       |     9 ||     9
 Invoke: Berserk           |     1 |     1 ||     2
 Armour: Animal skin       |     6 |     6 ||    12
  Dodge: Dodged            |    14 |    17 ||    31
